 Dungeon Crawl Stone Soup version 0.17-a0-226-ge260c71 (webtiles) character file.

1632 Kisielow the Destroyer (level 8, -4/43 HPs)
             Began as a Deep Elf Conjurer on Mar 28, 2015.
             Was a Follower of Vehumet.
             Slain by an orc warrior
             ... wielding a cursed -2 mace
              (21 damage)
             ... on level 7 of the Dungeon.
             The game lasted 00:32:41 (6381 turns).

Kisielow the Destroyer (Deep Elf Conjurer)          Turns: 6381, Time: 00:32:43

Health: -4/43      AC: 10    Str:  7    XL:     8   Next: 66%
Magic:  15/23      EV: 13    Int: 21    God:    Vehumet [*.....]
Gold:   281        SH:  0    Dex: 15    Spells: 4 memorised, 4 levels left

rFire  . . .     SeeInvis .     x - +4 quarterstaff (chaos)
rCold  . . .     Clarity  +     a - +0 robe
rNeg   . . .     SustAb   .     (no shield)
rPois  .         Gourm    +     (no helmet)
rElec  .         Spirit   .     y - +0 cloak
rCorr  .         Warding  .     o - +2 pair of gloves
rMut   .         Stasis   .     u - +2 pair of boots
MR     .....                    v - amulet of the gourmand
Stlth  +++.......               (no ring)
                                E - ring of stealth

@: not resistant to hostile enchantments, fairly stealthy
A: hooves 1, clarity, shaggy fur 1
a: Renounce Religion


You were on level 7 of the Dungeon.
You worshipped Vehumet.
Vehumet was aware of your devotion.
You were full.

You visited 2 branches of the dungeon, and saw 8 of its levels.

You collected 281 gold pieces.

Inventory:

Hand weapons
 x - a +4 quarterstaff of chaos (weapon)
Armour
 a - a +0 robe (worn)
 g - a +3 buckler
 o - a +2 pair of gloves (worn)
 u - a +2 pair of boots (worn)
 y - a +0 cloak (worn)
Jewellery
 v - an amulet of the gourmand (around neck)
 E - a ring of stealth (left hand)
Magical devices
 l - a wand of random effects (31)
 t - a wand of polymorph (13)
Scrolls
 e - a scroll of teleportation
 k - 4 scrolls of remove curse
 p - a scroll of amnesia {unknown}
 s - a scroll of fear
 C - a scroll of recharging {unknown}
Potions
 f - 2 potions of agility
 i - a potion of brilliance
 m - 2 potions of haste
 r - 2 potions of flight
 z - a potion of heal wounds
 B - a potion of restore abilities
 F - a potion of poison {unknown}
Books
 c - a book of Conjurations

   Spells                             Type                      Level
   a - Magic Dart                     Conjuration                  1
   b - Searing Ray                    Conjuration                  2
   c - Dazzling Spray                 Conjuration/Hexes            3
   d - Fulminant Prism                Conjuration/Hexes            4
   e - Iskenderun's Mystic Blast      Conjuration                  4
   f - Iskenderun's Battlesphere      Conjuration/Charms           5
 h - a book of Enchantments

   Spells                             Type                      Level
   a - Tukima's Dance                 Hexes                        3
   b - Cause Fear                     Hexes                        4
   c - Silence                        Hexes/Air                    5
   d - Deflect Missiles               Charms/Air                   6
   e - Haste                          Charms                       6
   f - Discord                        Hexes                        8
 A - a book of Control

   Spells                             Type                      Level
   a - Control Teleport               Charms/Translocation         4
   b - Control Undead                 Necromancy                   4
   c - Enslavement                    Hexes                        4
   d - Metabolic Englaciation         Hexes/Ice                    5
   e - Mass Confusion                 Hexes                        6
Miscellaneous
 w - a plain deck of changes
Comestibles
 b - 3 bread rations
 d - a meat ration
 j - 2 beef jerkies
 n - 2 slices of pizza
 q - 5 fruits


   Skills:
 * Level 1.6 Fighting
 - Level 2.5 Dodging
 - Level 2.4 Stealth
 + Level 4.8 Spellcasting
 + Level 9.9 Conjurations
 * Level 9.0 Charms


You had 4 spell levels left.
You knew the following spells:

 Your Spells              Type           Power        Failure   Level  Hunger
a - Magic Dart            Conj           ####         1%          1    None
b - Searing Ray           Conj           #####.       1%          2    None
c - Iskenderun's Battles  Conj/Chrm      #####...     8%          5    #####..
d - Fulminant Prism       Conj/Hex       ####......   17%         4    ####...


Dungeon Overview and Level Annotations

Branches:
Dungeon (7/15)             Temple (1/1) D:6

Altars:
Ashenzari
Cheibriados
Dithmenos
Elyvilon
Fedhas
Gozag
Kikubaaqudgha
Nemelex Xobeh
Okawaru
Qazlal
Sif Muna
Trog
Vehumet
Xom
Yredelemnul
Zin
The Shining One

Shops:
D:6 *}

Annotations:
D:7 Pikel


Innate Abilities, Weirdness & Mutations

You have large cloven feet.
You possess an exceptional clarity of mind.
You are covered in fur (AC +1).


Message History

You conjure a globe of magical energy.
The orc warrior hits you with a mace!
Casting: Iskenderun's Battlesphere
Confirm with . or Enter, or press ? or * to list all spells.
Aiming: Searing Ray
Press: ? - help, Shift-Dir - straight line, f - orc warrior
Aim: an orc warrior, wielding a mace and wearing a chain mail The searing ray hits the orc warrior.
The orc warrior is moderately wounded.
Your battlesphere fires!
The barrage of energy hits the orc warrior.
The orc warrior is moderately wounded.
The shadow imp hits you.
The searing ray hits the orc warrior.
The orc warrior is moderately wounded.
Your battlesphere fires!
The barrage of energy hits the orc warrior.
The orc warrior is heavily wounded.
The shadow imp hits you but does no damage.
The orc warrior hits you with a mace!!
You die...

#.s........ .. .
#.<....... ..# # .
##.....### ..##. .#
#.....# P..# .#
##..#.# ######..#
#.# ..# # ....*...#
..###..###
........o##.(.....#
#..@.<# # #....#5o#
.# .....####.## .#
##.# #..## ..## #.
#...### #...# #.
#.....##..# #.#
#.......#
#..####.......#
#....#..####..#


You could see an orc warrior, an active ballistomycete, a shadow imp and an orc.

Vanquished Creatures
  Grinder (D:3)
  A hippogriff (D:6)
  A black bear (D:7)
  A phantom (D:5)
  A centaur (D:5)
  A giant frog (D:6)
  3 ogres
  A big kobold (D:7)
  A scorpion (D:4)
  A centaur skeleton (D:6)
  2 goliath beetles
  A hound (D:5)
  Crazy Yiuf (D:3)
  2 orc priests
  6 worker ants
  2 orc wizards (D:6)
  3 gnolls (D:2)
  4 adders
  A shadow imp (D:6)
  A giant mite (D:1)
  4 worms
  5 giant geckos
  An ooze (D:1)
  11 orcs
  2 ball pythons
  2 giant cockroaches
  9 goblins
  9 hobgoblins
  14 jackals
  3 quokkas
  5 bats
  3 giant newts
  13 kobolds
  11 rats
  A ballistomycete (D:7)
128 creatures vanquished.

Vanquished Creatures (others)
  A fulminant prism (D:7)
  A giant spore (D:7)
2 creatures vanquished.

Grand Total: 130 creatures vanquished

Notes
Turn   | Place    | Note
--------------------------------------------------------------
     0 | D:1      | Kisielow, the Deep Elf Conjurer, began the quest for the Orb.
     0 | D:1      | Reached XP level 1. HP: 10/10 MP: 5/5
   261 | D:1      | Reached XP level 2. HP: 9/15 MP: 0/8
   265 | D:1      | Learned a level 2 spell: Searing Ray
   493 | D:1      | Reached skill level 5 in Conjurations
  1204 | D:2      | Reached XP level 3. HP: 19/19 MP: 1/10
  1513 | D:2      | Reached skill level 6 in Conjurations
  1573 | D:2      | Reached XP level 4. HP: 24/24 MP: 0/13
  2348 | D:3      | Found an iron altar of Okawaru.
  2512 | D:3      | Reached skill level 7 in Conjurations
  2512 | D:3      | Reached XP level 5. HP: 28/28 MP: 11/16
  2524 | D:3      | Learned a level 5 spell: Iskenderun's Battlesphere
  2646 | D:3      | Found a blossoming altar of Fedhas.
  2992 | D:3      | Noticed Grinder
  3112 | D:5      | Entered Level 5 of the Dungeon
  3141 | D:4      | Found a sparkling altar of Nemelex Xobeh.
  3175 | D:4      | Found a shadowy altar of Dithmenos.
  3300 | D:4      | Found a deep blue altar of Sif Muna.
  3301 | D:4      | Found a stormy altar of Qazlal.
  3347 | D:4      | Reached XP level 6. HP: 32/32 MP: 7/18
  3402 | D:4      | Gained mutation: You possess an exceptional clarity of mind. [potion of mutation]
  3402 | D:4      | Gained mutation: You are covered in fur (AC +1). [potion of mutation]
  3402 | D:4      | Gained mutation: You have large cloven feet. [potion of mutation]
  3470 | D:4      | Reached skill level 5 in Charms
  3885 | D:3      | Killed Grinder
  3924 | D:3      | Noticed Crazy Yiuf
  3926 | D:3      | Killed Crazy Yiuf
  3926 | D:3      | Reached XP level 7. HP: 36/36 MP: 5/20
  4041 | D:5      | Noticed a centaur
  4047 | D:5      | Killed a centaur
  4112 | D:5      | Noticed a phantom
  4135 | D:5      | Killed a phantom
  4135 | D:5      | Reached skill level 8 in Conjurations
  4158 | D:5      | Learned a level 4 spell: Fulminant Prism
  4215 | D:5      | Found an ancient bone altar of Kikubaaqudgha.
  4317 | D:5      | Found a white marble altar of Elyvilon.
  4579 | D:5      | Found a shimmering altar of Xom.
  4900 | D:6      | Reached skill level 9 in Conjurations
  5052 | D:6      | Found Efais' Eclectic Emporium.
  5082 | D:6      | Found a staircase to the Ecumenical Temple.
  5095 | Temple   | Entered the Ecumenical Temple
  5142 | Temple   | Became a worshipper of Vehumet
  5242 | D:6      | Found Lude's Quality Used Wands.
  5354 | D:6      | Found a shimmering altar of Xom.
  5492 | D:6      | You fall through a shaft!
  5501 | D:7      | Reached XP level 8. HP: 41/41 MP: 13/21
  5721 | D:6      | Reached skill level 1 in Fighting
  5821 | D:6      | Found a snail-covered altar of Cheibriados.
  5945 | D:6      | Acquired Vehumet's first power
  5945 | D:6      | Offered knowledge of Sandblast by Vehumet.
  6182 | D:7      | Noticed Pikel
  6381 | D:7      | Slain by an orc warrior

Action                   |  1- 3 |  4- 6 |  7- 9 || total
-------------------------+-------+-------+-------++-------
Melee: Unarmed           |     2 |       |       ||     2
       Hand axe          |       |     1 |       ||     1
       Quarterstaff      |       |       |     9 ||     9
 Cast: Magic Dart        |    66 |   103 |   107 ||   276
       Searing Ray       |     2 |     5 |     2 ||     9
       Iskenderun's Batt |       |     3 |    31 ||    34
       Fulminant Prism   |       |       |     1 ||     1
  Use: Scroll            |     6 |     4 |     3 ||    13
       Potion            |       |     7 |     1 ||     8
  Eat: Chunk             |     2 |    18 |    15 ||    35
       Beef jerky        |       |     1 |       ||     1
       Bread ration      |       |       |     1 ||     1
